 Dungeon Crawl Stone Soup version 0.22-a0-422-g9628fc8 (webtiles) character file.

174 Borgoz the Skirmisher (level 5, -3/34 HPs)
             Began as a Gargoyle Abyssal Knight on May 16, 2018.
             Was a Believer of Lugonu.
             Killed by divine providence
             ... invoked by an orc priest
              (11 damage)
             ... on level 4 of the Dungeon.
             The game lasted 00:04:01 (2535 turns).

Borgoz the Skirmisher (Gargoyle Abyssal Knight)     Turns: 2535, Time: 00:04:01

Health: -3/34      AC:  7    Str: 16    XL:     5   Next: 54%
Magic:  6/6        EV: 11    Int: 12    God:    Lugonu [**....]
Gold:   169        SH:  0    Dex: 10    Spells: 4/4 levels left

rFire    . . .     SeeInvis .   a - +2 hand axe
rCold    . . .     Gourm    .   (no shield)
rNeg     + . .     Faith    .   b - +0 leather armour
rPois    ∞         Spirit   .   (no helmet)
rElec    +         Reflect  .   (no cloak)
rCorr    .         Harm     .   (no gloves)
MR       .....                  (no boots)
Stlth    +.........             (no amulet)
HPRegen  0.11/turn              (no ring)
MPRegen  0.10/turn              (no ring)

@: hasted, very quick
A: negative energy resistance 1, electricity resistance, unbreathing,
petrification resistance, rot immunity, AC +4
a: Depart the Abyss, Bend Space, Renounce Religion


You were on level 4 of the Dungeon.
You worshipped Lugonu.
Lugonu was pleased with you.
You were near starving.

You visited 1 branch of the dungeon, and saw 4 of its levels.
You visited the Abyss 1 time.

You collected 169 gold pieces.

Inventory:

Hand Weapons
 a - a +2 hand axe (weapon)
Armour
 b - a +0 leather armour (worn)
Jewellery
 m - an uncursed ring of resist corrosion {unknown}
Scrolls
 g - a scroll of remove curse
 h - 3 scrolls of teleportation
 l - a scroll of amnesia
Potions
 k - 2 potions of brilliance
Comestibles
 c - 6 rations


   Skills:
 + Level 4.4 Fighting
 + Level 3.4 Axes
 + Level 2.7 Armour
 + Level 1.6 Dodging
 + Level 0.1 Stealth
 + Level 2.6 Invocations


You had 4 spell levels left.
You didn't know any spells.
Your spell library was empty.

Dungeon Overview and Level Annotations

Branches:
Dungeon (4/15)
 Temple: D:4-7

Altars:
Hepliaklqana
Sif Muna
Zin


Innate Abilities, Weirdness & Mutations

You are resistant to torment.
Your stone body is resilient. (AC +4)
You are immune to poison.
You resist negative energy. (rN+)
You are resistant to electric shocks. (rElec)
You can survive without breathing.
You are immune to petrification.
You are immune to rotting.


Message History

The orc priest is lightly wounded.
You hit the orc. You hit the orc but do no damage.
An orc comes into view. It is wielding a hand axe.
The orc hits you with a club.
The orc priest hits you with a falchion.
The orc barely misses you.
You hit the orc but do no damage.
The orc is moderately wounded.
You barely miss the orc. You hit the orc priest.
The orc wizard gestures wildly while chanting.
The orc wizard blinks!
The orc closely misses you.
The orc priest hits you but does no damage.
The orc hits you with a morningstar.
* * * LOW HITPOINT WARNING * * *
You feel yourself speed up.
The orc wizard mumbles some strange words.
The orc wizard blinks!
The orc misses you.
The orc priest invokes the aid of Beogh against you.
Beogh smites you!
You die...

.# ###.### # #.....###
### #§####.#..... ###..
......o..#.### ...#
#o.........# ..#
#.#......#.## #.#
#.#.oo.......
#####.######.##o@.......
.....<..........##.##.#.
#####.######.#### .# #.#
#.# # #.# #.# #.# #..
#.# ### #.# #.#


You could see an orc priest, an orc wizard and 3 orcs.

Vanquished Creatures
  A hound (D:4)
  Terence (D:2)
  3 adders
  An ooze (D:2)
  2 worms (D:2)
  2 dart slugs
  2 leopard geckos (D:2)
  4 orcs (D:3)
  3 giant cockroaches
  7 goblins
  9 hobgoblins
  2 jackals (D:1)
  A quokka (D:3)
  A ball python (D:1)
  11 bats
  5 frilled lizards (D:2)
  10 kobolds
  9 rats
74 creatures vanquished.

Notes
Turn   | Place    | Note
-------+----------+-------------------------------------------
     0 | Abyss:1  | Borgoz the Gargoyle Abyssal Knight began the quest for the Orb.
     0 | Abyss:1  | Reached XP level 1. HP: 14/14 MP: 2/2
   109 | Abyss:1  | Noticed a lich
   124 | Abyss:1  | Noticed a ynoxinul
   127 | D:1      | Escaped the Abyss
   243 | D:1      | Reached XP level 2. HP: 12/19 MP: 3/3
   315 | D:1      | Reached * piety under Lugonu
   741 | D:2      | Reached XP level 3. HP: 14/24 MP: 4/4
   790 | D:2      | Reached skill level 4 in Fighting
  1213 | D:2      | Reached skill level 1 in Dodging
  1213 | D:2      | Reached XP level 4. HP: 27/29 MP: 5/5
  1216 | D:2      | Noticed Terence
  1227 | D:2      | Killed Terence
  1424 | D:2      | Found a faded altar of an unknown god.
  1424 | D:2      | Found a deep blue altar of Sif Muna.
  1434 | D:2      | Found a faded altar of an unknown god.
  1436 | D:2      | Found a glowing silver altar of Zin.
  1438 | D:2      | Found a hazy altar of Hepliaklqana.
  1648 | D:3      | Reached ** piety under Lugonu
  1763 | D:3      | Reached XP level 5. HP: 27/33 MP: 6/6
  2167 | D:4      | Noticed a phantom
  2535 | D:4      | Killed from afar by an orc priest

Vault maps used:
D:1:      dpeg_arrival_tiny_j
D:2:      chequers_temple_overflow_minitemple, hangedman_feature_mirror,
          uniq_terence
D:3:      st_stairs_6
D:4:      enter_ossuary_1, first_ration, roderic_batcave
Abyss:1:  bh_abyss_exit_choice

Skill      XL: |  1  2  3  4 |
---------------+-------------+-----
Axes           | 2 3 |  3.4
Fighting       | 4 |  4.4
Dodging        | 1 |  1.6
Armour         | |  2.7
Stealth        | |  0.1
Invocations    | |  2.6

Action                   |  1- 3 |  4- 6 || total
-------------------------+-------+-------++-------
Melee: Hand axe          |   123 |   140 ||   263
Invok: Depart the Abyss  |     1 |       ||     1
  Use: Potion            |     1 |     2 ||     3
       Scroll            |       |     8 ||     8
  Eat: Chunk             |     1 |     3 ||     4
Armor: Leather armour    |    64 |    87 ||   151
Dodge: Dodged            |    95 |    87 ||   182

Table legend:
 A = Spawn XP
 B = Non-spawn XP
 C = Spawn XP percentage of total XP
 D = Spawn monster count
 E = Non-spawn monster count
 F = Spawn count percentage of total count
 G = Total turns spent on level
                    A         B        C        D         E        F      G
               +---------+---------+-------+---------+---------+-------+---------
         Total |       0 |     249 |   0.0 |       0 |      74 |   0.0 |  2535
               +---------+---------+-------+---------+---------+-------+---------
           D:1 |       0 |      31 |   0.0 |       0 |      18 |   0.0 |   603
           D:2 |       0 |     107 |   0.0 |       0 |      31 |   0.0 |   917
           D:3 |       0 |      51 |   0.0 |       0 |      22 |   0.0 |   772
           D:4 |       0 |      60 |   0.0 |       0 |       3 |   0.0 |   116
               +---------+---------+-------+---------+---------+-------+---------
